Map: Lerilak Crest

Players

Toons

  • Race: Terran Terran
  • League: Silver

mumsikiller

  • Race: Terran Terran
  • League: Bronze

Nicholas

  • Race: Zerg Zerg
  • League: Grandmaster

Bazze

  • Race: Zerg Zerg
  • League: Grandmaster

VOD

Have the link to the VOD?

Description

Time

  • Played on: Aug. 1, 2015, 7:14 a.m.
  • Length: 19:57
Show
View Real Time Build Order
Export as new Build Order

Toons Terran 

Build Orders: Mech 

Get SALT Encoding   

  12  0:01  SCV  
  13  0:13  SCV  
  14  0:18  Supply Depot  
  14  0:25  SCV  
  15  0:36  Refinery  
  15  0:44  SCV  
  15  0:46  Barracks  
  16  0:56  SCV  
  17  1:08  SCV  
  18  1:14  Supply Depot  
  18  1:20  SCV  
  19  1:36  Marine  
  19  1:39  SCV  
  21  1:45  Supply Depot  
  21  1:47  Bunker  
  21  1:51  SCV  
  21  1:53  Refinery  
  22  1:55  Reaper  
  23  2:12  SCV  
  24  2:25  Factory  
  24  2:30  SCV  
  25  2:45  SCV  
  25  2:51  Supply Depot  
  26  2:59  Barracks Reactor  
  26  3:04  SCV  
  26  3:11  Starport  
  26  3:13  Hellion  
  26  3:17  SCV  
  29  3:25  Command Center  
  29  3:32  SCV  
  30  3:35  Marine x2  
  30  3:38  Hellion  
  34  3:46  SCV  
  35  3:54  Engineering Bay, Medivac  
  37  4:00  Marine  
  38  4:03  Hellion  
  40  4:11  Orbital Command  
  40  4:29  Factory Reactor, Starport Reactor  
  40  4:38  Marine x2  
  40  4:43  SCV  
  43  5:00  SCV  
  43  5:02  Marine  
  45  5:14  SCV  
  45  5:27  Hellion x2, Medivac x2  
  45  5:28  Barracks  
  53  5:31  Orbital Command  
  53  5:34  Factory, Marine x2  
  55  5:44  Factory  
  55  5:49  SCV  
  56  5:51  Bunker  
  56  5:55  Missile Turret  
  56  6:01  SCV  
  57  6:05  Terran Infantry Weapons Level 1  
  57  6:09  SCV  
  58  6:11  Refinery  
  58  6:17  SCV, Refinery  
  57  6:30  SCV  
  58  6:39  SCV  
  59  6:42  Factory Tech Lab x2, SCV  
  58  6:48  Missile Turret  
  58  6:53  Armory  
  56  7:06  Siege Tank  
  56  7:07  Siege Tank  
  62  7:15  Supply Depot  
  62  7:17  Barracks Tech Lab  
  62  7:18  Supply Depot x2  
  62  7:36  Marine x2, Medivac, Widow Mine x2  
  70  7:39  SCV x2, Medivac  
  70  7:40  Barracks  
  70  7:41  Barracks  
  70  7:42  Supply Depot  
  74  7:44  Terran Vehicle Weapons Level 1  
  74  7:50  Marauder  
  74  7:51  SCV x2, Stimpack  
  76  7:58  Siege Tank  
  81  8:02  Siege Tank  
  84  8:07  Marine x2  
  87  8:12  SCV  
  87  8:13  SCV  
  87  8:18  Supply Depot  
  88  8:20  Supply Depot  
  88  8:27  Terran Infantry Weapons Level 2  
  88  8:30  Barracks Tech Lab x2, Marine x2  
  93  8:34  Barracks Reactor  
  93  8:37  Marauder  
  93  8:41  Thor  
  98  8:52  Command Center  
  98  8:57  Marine x2  
  98  8:59  Combat Shields  
  100  9:03  Siege Tank  
  100  9:04  Widow Mine x2  
  100  9:06  SCV  
  108  9:19  SCV  
  109  9:33  Marine  
  110  9:39  Supply Depot  
  110  9:41  Supply Depot  
  110  9:42  Supply Depot  
  110  9:43  Supply Depot  
  110  9:45  Terran Vehicle And Ship Armor Level 1  
  110  9:46  Supply Depot  
  110  9:51  Concussive Shells  
  110  9:56  Missile Turret  
  110  10:00  Marine x3  
  110  10:01  Siege Tank  
  110  10:03  Missile Turret  
  113  10:12  Armory  
  113  10:27  SCV  
  113  10:28  SCV  
  115  10:33  Missile Turret  
  115  10:38  Liberator x2  
  112  10:51  Marine x2  
  112  10:53  Siege Tank x2  
  125  11:00  Missile Turret  
  125  11:03  Terran Infantry Weapons Level 3  
  122  11:17  Marine x2  
  116  11:25  Siege Tank  
  115  11:26  SCV  
  115  11:27  SCV  
  115  11:29  Marine  
  115  11:31  Siege Tank  
  120  11:35  Marine  
  118  11:40  Terran Vehicle Weapons Level 2  
  119  11:54  SCV x2  
  119  11:57  Siege Tank  
  123  12:04  Terran Vehicle And Ship Armor Level 2  
  123  12:09  SCV  
  123  12:10  SCV  
  123  12:11  Orbital Command  
  125  12:24  Barracks  
  125  12:29  Barracks  
  85  12:50  Marine x3  
  78  12:58  SCV  
  76  13:08  Marine x3  
  76  13:26  Barracks Tech Lab, Marauder  
  78  13:28  Barracks Reactor, Marine x2  
  78  13:29  Marine x2  
  78  13:30  Marauder  
  78  13:31  Siege Tank x2  
  78  13:32  Widow Mine x2  
  94  13:35  Infernal Pre-Igniter  
  94  13:37  Medivac  
  94  13:38  Medivac  
  98  13:48  Marauder  
  99  13:51  Marauder, Marine x2  
  99  13:54  Orbital Command  
  103  14:15  Marine x3  
  103  14:16  Marine x2  
  110  14:17  Marauder  
  110  14:26  Siege Tank  
  110  14:27  Siege Tank  
  110  14:28  Refinery, Marine x3  
  110  14:30  Refinery  
  110  14:31  Missile Turret  
  119  14:32  Missile Turret  
  119  14:34  Marauder  
  121  14:49  Terran Infantry Armor Level 1  
  121  14:51  Marine  
  121  14:52  Marine x4  
  126  14:55  Command Center, Marine  
  126  14:59  Widow Mine x2  
  131  15:05  Marine  
  131  15:06  Marine  
  133  15:10  Siege Tank x2  
  133  15:11  Marine x3  
  142  15:14  Medivac  
  142  15:15  Medivac  
  146  15:21  Supply Depot  
  146  15:22  Supply Depot  
  146  15:26  SCV x2  
  148  15:42  Siege Tank  
  153  15:44  Marine x3  
  153  15:45  Marine  
  153  15:46  Supply Depot  
  158  15:54  Hellbat x2  
  159  16:02  Orbital Command  
  128  16:37  Marine x5  
  128  16:38  Marine  
  128  16:39  Marauder x3  
  140  16:43  Terran Vehicle And Ship Armor Level 3, Terran Vehicle Weapons Level 3  
  140  16:54  Marine  
  140  16:55  Marine  
  140  17:00  Marauder  
  140  17:01  Marauder  
  105  17:36  Siege Tank x2  
  107  17:44  Command Center  
  107  17:56  Orbital Command  
  105  17:59  Marine x3  
  105  18:00  Marine x3  
  105  18:03  Widow Mine x2  
  115  18:13  Marine  
  115  18:14  Marine  
  115  18:15  Marauder  
  115  18:18  Marauder x2  
  123  18:34  Planetary Fortress  
  123  18:40  Marauder  
  125  18:41  Siege Tank  
  125  18:42  Siege Tank  
  125  18:48  Marine x3  
  131  18:50  Marauder  
  136  19:01  Marauder  
  138  19:04  Refinery  
  138  19:06  Refinery  
  138  19:11  Marine x4  
  138  19:13  Marauder  
  144  19:22  Marauder  
  115  19:34  Marauder  
Show
View Real Time Build Order
Export as new Build Order

mumsikiller Terran 

Build Orders:  

Get SALT Encoding   

  12  0:03  Drone  
  13  0:13  Drone  
  14  0:17  Overlord  
  14  0:37  Spawning Pool  
  14  0:39  Drone  
  14  0:47  Extractor  
  14  0:48  Drone  
  14  0:50  Drone  
  14  0:54  Drone  
  16  1:01  Drone  
  17  1:12  Overlord  
  17  1:23  Queen  
  19  1:41  Drone  
  19  1:46  Hatchery  
  18  1:48  Drone  
  18  1:51  Drone  
  20  1:55  Drone  
  21  2:01  Extractor  
  20  2:14  Zergling x2  
  21  2:16  Drone  
  22  2:32  Zergling x2  
  22  2:34  Drone  
  24  2:48  Zergling x6  
  27  3:00  Drone  
  27  3:01  Queen  
  28  3:17  Drone  
  28  3:21  Overlord  
  28  3:26  Overlord x2  
  27  3:27  Zergling x4  
  27  3:28  Zergling x6  
  27  3:31  Drone  
  33  3:47  Zergling x4  
  34  3:51  Hatchery  
  34  3:53  Metabolic Boost  
  32  4:06  Roach Warren, Zergling x2  
  32  4:15  Drone  
  32  4:16  Drone  
  34  4:23  Lair  
  33  4:28  Drone  
  33  4:29  Drone  
  35  4:50  Drone x4  
  35  4:51  Drone x3  
  42  4:55  Overlord  
  41  5:16  Drone, Extractor  
  41  5:17  Drone x3  
  44  5:21  Queen  
  44  5:24  Drone x2  
  44  5:27  Roach x2  
  52  5:32  Roach x2  
  56  5:36  Spore Crawler  
  56  5:41  Spore Crawler  
  54  5:44  Drone x3  
  54  5:45  Drone  
  58  5:50  Drone  
  58  5:51  Drone  
  58  5:56  Drone  
  58  5:57  Drone x3  
  64  6:05  Hydralisk Den  
  64  6:10  Spore Crawler  
  62  6:12  Drone  
  62  6:13  Drone x2  
  52  6:50  Hydralisk x2  
  52  6:51  Hydralisk x6  
  68  6:54  Drone  
  68  6:55  Drone x4  
  68  6:57  Spore Crawler  
  68  6:58  Overlord  
  68  6:59  Overlord x2  
  72  7:07  Muscular Augments  
  72  7:16  Evolution Chamber  
  72  7:20  Evolution Chamber  
  72  7:22  Drone x3  
  73  7:24  Drone  
  73  7:26  Extractor  
  73  7:29  Drone x3, Extractor  
  76  7:30  Drone x2  
  76  7:34  Extractor  
  76  7:38  Drone x3  
  79  7:45  Zerg Missile Weapons Level 1, Overlord  
  79  7:50  Zerg Ground Armor Level 1  
  79  8:08  Drone x4  
  83  8:18  Drone x3  
  83  8:19  Hatchery  
  85  8:22  Drone x2  
  87  8:28  Overlord x2  
  87  8:29  Overlord x2  
  87  8:33  Drone x2  
  89  8:34  Overlord  
  89  8:37  Overlord  
  89  8:38  Drone  
  90  8:45  Drone x3  
  93  9:00  Drone x3  
  93  9:02  Drone  
  97  9:04  Hatchery, Glial Reconstitution  
  97  9:06  Extractor  
  94  9:22  Zergling x2  
  94  9:23  Zergling x2  
  96  9:30  Roach x2  
  96  9:31  Roach x7  
  108  9:32  Roach x3, Zergling x4  
  122  9:40  Drone  
  122  9:41  Queen  
  122  9:43  Zerg Missile Weapons Level 2  
  125  9:48  Drone  
  125  9:51  Drone  
  127  9:58  Extractor  
  126  10:02  Extractor  
  126  10:06  Overseer  
  125  10:12  Zerg Ground Armor Level 2  
  125  10:16  Roach x6  
  125  10:17  Roach x5  
  125  10:18  Roach x2  
  125  10:19  Roach  
  152  10:39  Hydralisk, Roach x3  
  152  10:41  Overlord x3  
  152  10:42  Overlord  
  159  10:55  Roach  
  159  10:56  Overlord x3  
  159  11:15  Hydralisk x3  
  159  11:16  Hydralisk, Roach  
  159  11:17  Roach x6  
  159  11:18  Roach  
  180  11:37  Hydralisk  
  180  11:38  Roach  
  180  11:39  Roach x2  
  168  11:40  Roach  
  168  11:41  Roach x4  
  168  11:43  Hatchery  
  177  11:53  Roach x2  
  177  11:54  Roach x3  
  187  12:08  Overseer x2  
  187  12:14  Drone x2  
  187  12:15  Drone x6  
  192  12:27  Hydralisk  
  192  12:28  Hydralisk x6  
  192  12:29  Hydralisk x2  
  152  12:46  Hydralisk x3, Roach  
  152  12:47  Hydralisk, Roach x3  
  152  12:48  Hydralisk  
  170  12:57  Queen  
  170  12:58  Drone  
  171  13:06  Drone x3  
  172  13:21  Queen  
  172  13:23  Drone  
  172  13:24  Drone x2  
  172  13:25  Drone  
  172  13:26  Drone x4  
  182  13:37  Hatchery  
  182  13:40  Drone x4  
  182  13:41  Drone x2  
  187  13:54  Tunneling Claws  
  187  13:55  Infestation Pit  
  187  13:57  Queen  
  186  14:08  Hydralisk x5  
  186  14:09  Hydralisk x4  
  194  14:14  Hatchery  
  195  14:17  Hydralisk  
  195  14:18  Roach  
  199  14:45  Hive  
  199  15:09  Lurker Den  
  199  15:11  Extractor  
  199  15:12  Extractor  
  199  15:14  Ravager  
  198  15:15  Ravager  
  199  15:34  Spire  
  198  15:39  Nydus Network  
  197  15:57  Zerg Ground Armor Level 3  
  197  16:01  Zerg Missile Weapons Level 3  
  154  16:14  Roach x2  
  154  16:15  Roach x6  
  154  16:16  Roach x6  
  154  16:17  Roach x6  
  154  16:18  Roach x5  
  153  16:19  Hydralisk x7  
  153  16:20  Hydralisk x3  
  153  16:22  Hydralisk x2  
  153  16:23  Roach  
  153  16:24  Hydralisk, Roach x2, Swarm Host  
  153  16:25  Swarm Host x2  
  182  16:29  Hydralisk x2, Roach  
  182  16:30  Hydralisk  
  182  16:31  Roach x2  
  194  16:38  Hydralisk x2  
  168  17:14  Roach x3  
  168  17:15  Hydralisk x2, Roach x7  
  178  17:16  Hydralisk, Roach x8  
  178  17:21  Overlord  
  194  17:34  Roach x2  
  194  17:35  Roach  
  200  17:49  Zerg Flyer Weapons Level 1  
  182  17:59  Roach  
  182  18:00  Roach x6  
  182  18:01  Roach x3  
  197  18:14  Burrow  
  197  18:16  Roach  
  199  18:44  Drone  
  198  19:28  Mutalisk x2  
  154  19:32  Mutalisk x4  
  154  19:33  Mutalisk x5  
  178  19:39  Zergling x2  
  178  19:40  Zergling x10  
Show
View Real Time Build Order
Export as new Build Order

Nicholas Zerg 

Build Orders:  

Get SALT Encoding   

Show
View Real Time Build Order
Export as new Build Order

Bazze Zerg 

Build Orders:  

Get SALT Encoding   

Tags
 
Add a new tag
Caveats
  • Supply blocks, unpowered buildings, or Contaminate may cause inaccurate times.
  • Supply counts are checked every 10 seconds.